 Dungeon Sprint DCSS version 0.30-a0-134-gb40fab5c76 (webtiles) character file.

Game seed: 9241092257035181269

900000 fingers the Ninja (level 13, 0/104 HPs)
             Began as an Octopode Brigand on Sept 19, 2022.
             Slain by a meat berserker
             ... wielding a +9 battleaxe
              (51 damage)
             ... in the Dungeon (Sprint VIII: "Arena of Blood").
             The game lasted 00:00:47 (9 turns).

fingers the Ninja (Octopode Brigand)                   Turns: 9, Time: 00:00:48

Health: 0/104      AC:  1    Str: 10    XL:     13   Next: 31%
Magic:  13/13      EV: 24    Int: 15    God:
Gold:   0          SH:  0    Dex: 17    Spells: 12/12 levels left

rFire   . . .      SeeInvis .    j - +∞ Axe of Woe
rCold   . . .      Faith    .    (shield currently unavailable)
rNeg    . . .      Spirit   .    (helmet restricted)
rPois   .          Reflect  .    (no amulet)
rElec   .          Harm     .    (no ring)
rCorr   .          Rampage  .    (no ring)
Will    .....      NoTele   +    (no ring) Stlth *+++++++++
                                 (no ring)
HPRegen 0.27/turn                (no ring)
MPRegen 0.13/turn                (no ring)
                                 (no ring)
                                 (no ring)

@: no status effects
A: almost no armour, amphibious, 8 rings, camouflage 1, gelatinous body 1,
(nimble swimmer 1), tentacles
a: no special abilities


You were in the Dungeon.
You visited 1 branch

Inventory:

Hand Weapons
 a - a +2 dagger
 j - the +∞ Axe of Woe (weapon)
   (You found it in the Dungeon)
Missiles
 b - 5 poisoned darts (quivered)
 c - 3 curare-tipped darts
Scrolls
 i - a scroll of blinking
Potions
 d - a potion of curing
 e - a potion of heal wounds
 f - a potion of haste
 g - 2 potions of magic
 h - a potion of berserk rage


   Skills:
 * Level 15.6 Fighting
 - Level 2.0 Short Blades
 * Level 17.5 Axes
 - Level 2.0 Throwing
 * Level 17.2 Dodging
 O Level 27 Stealth


You had 12 spell levels left.
You didn't know any spells.
Your spell library was empty.

Dungeon Overview and Level Annotations

Branches:
Dungeon (1/1)

Altars:
Makhleb


Innate Abilities, Weirdness & Mutations

You cannot wear most types of armour.
You are amphibious.
You can wear up to eight rings at the same time.
Your skin changes colour to match your surroundings (Stealth+).
Your rubbery body absorbs attacks. (AC +1, EV +1)
((You are camouflaged when in or above water. (Stealth+)))
You have tentacles for arms and can constrict up to eight enemies at once.


Message History

You have reached level 8!
You have reached level 9!
Your experience leads to an increase in your attributes!
Increase (S)trength, (I)ntelligence, or (D)exterity?
You feel agile. x2
You have reached level 10!
You feel clever.
You have reached level 11!
Unknown command.
You slice the bag of meat!!
You hew the bag of meat savagely.
You kill the bag of meat!
You hear a shout! x4
A bag of meat comes into view. It is wielding a +9 war axe.
You hear a shout! x2
The bag of meat hits you with a +9 war axe!!!
Ouch! That really hurt!
You hear a shout! x3
The meat berserker rages.
You hear a shout!
The bag of meat moves out of view.
Your Fighting skill gained 3 levels and is now at level 12!
Your Axes skill gained 3 levels and is now at level 13!
Your Dodging skill gained 3 levels and is now at level 13!
You have reached level 12!
You slice the bag of meat!!
You hew the bag of meat savagely.
You kill the bag of meat!
You hit the bag of meat.
You hew the bag of meat savagely.
You kill the bag of meat!
You hear a shout! x6
Your Fighting skill gained 3 levels and is now at level 15!
Your Axes skill gained 4 levels and is now at level 17!
Your Dodging skill gained 4 levels and is now at level 17!
You have reached level 13!
You slice the bag of meat!!
You fatally mangle the bag of meat.
You kill the bag of meat!
You hear a shout!
The meat berserker rages.
You hear a shout! x4
The meat berserker hits you with a +9 battleaxe!!!
You die...

.. .( #. .# #..
..# .###..
..###.
......###......
....o_Oo...
#..)..# #_.@O_#
#.)O..#
....o_.....
......###......
.###.. ..###.
#(. ..# #. .#
(. ..


You could see 3 meat berserkers and 3 bags of meat.

Vanquished Creatures
  5 orcs (D)
5 creatures vanquished.

Notes
Turn   | Place    | Note
-------+----------+-------------------------------------------
     0 | D        | Found the +∞ Axe of Woe
     0 | D        | fingers the Octopode Brigand began the quest for the Orb.
     0 | D        | Reached XP level 1. HP: 14/14 MP: 1/1
     0 | D        | Noticed a bag of meat
     2 | D        | Noticed a bag of meat
     3 | D        | Noticed a bag of meat
     3 | D        | Noticed a bag of meat
     3 | D        | Noticed a bag of meat
     5 | D        | Noticed a bag of meat
     5 | D        | Noticed a meat berserker
     5 | D        | Noticed a bag of meat
     5 | D        | Noticed a bag of meat
     6 | D        | Killed a bag of meat
     6 | D        | Noticed a meat berserker
     6 | D        | Noticed a meat berserker
     7 | D        | Reached skill level 10 in Axes
     7 | D        | Reached skill level 10 in Dodging
     7 | D        | Reached skill level 27 in Stealth
     7 | D        | Reached XP level 2. HP: 30/30 MP: 2/2
     7 | D        | Reached XP level 3. HP: 35/35 MP: 3/3
     7 | D        | Reached XP level 4. HP: 41/41 MP: 4/4
     7 | D        | Reached XP level 5. HP: 46/46 MP: 5/5
     7 | D        | Reached XP level 6. HP: 52/52 MP: 6/6
     7 | D        | Reached XP level 7. HP: 57/57 MP: 7/7
     7 | D        | Reached XP level 8. HP: 63/63 MP: 8/8
     7 | D        | Reached XP level 9. HP: 68/68 MP: 9/9
     7 | D        | Reached XP level 10. HP: 74/74 MP: 10/10
     7 | D        | Reached XP level 11. HP: 80/80 MP: 11/11
     7 | D        | Killed a bag of meat
     7 | D        | Noticed a bag of meat
     8 | D        | Reached XP level 12. HP: 44/91 MP: 12/12
     8 | D        | Killed a bag of meat
     8 | D        | Killed a bag of meat
     9 | D        | Reached skill level 15 in Fighting
     9 | D        | Reached XP level 13. HP: 51/104 MP: 13/13
     9 | D        | Killed a bag of meat
     9 | D        | Slain by a meat berserker

Illustrated notes

Levels and vault maps discovered:
D:        meatsprint

Skill      XL: |  1  2  3  4  5  6  7  8  9 10 11 12 |
---------------+-------------------------------------+-----
Fighting       | 9 12 15 | 15.6
Axes           | 10 13 17 | 17.5
Dodging        | 10 13 17 | 17.2
Stealth        | 27 | 27.0
Short Blades   | |  2.0
Throwing       | |  2.0

Action                   |  1- 3 |  4- 6 |  7- 9 | 10-12 | 13-15 || total
-------------------------+-------+-------+-------+-------+-------++-------
Melee: Executioner's axe |     1 |       |       |     2 |     1 ||     4
Throw: Dart              |     4 |       |       |       |       ||     4
Dodge: Dodged            |     1 |       |       |       |       ||     1

Table legend: (Time is in decaauts)
 A = Elapsed time spent in this place.
 B = Non-inter-level travel time spent in this place.
 C = Inter-level travel time spent in this place.
 D = Time resting spent in this place.
 E = Time spent auto-exploring this place.
 F = Levels seen in this place.
 G = Mean time per level.
                   A        B        C        D        E       F      G
               +--------+--------+--------+--------+--------+-----+--------+
         Total |      9 |      9 |      0 |      0 |      0 |   1 |    9.0 |
       Dungeon |      9 |      9 |      0 |      0 |      0 |   1 |    9.0 |
               +--------+--------+--------+--------+--------+-----+--------+

Top non-repeatable levels by time:
       D: 9 daAuts
